[ AOE2 MATCH · #495312513 ]
UnrankedCumans vs Portuguese
Player's team · WIN
Rival team · LOSS
[ REPLAY ANALYSIS · EXTRACTED FROM THE RECORDED GAME ]
Feudal
8:33
Castle
21:10
Imperial
—
| APM avg | 73.9 |
| APM peak | 103 |
| eAPM avg | 35.4 |
| Villagers / military | 59 / 52 |
Focus
⚔️ 46.1% · 🌾 53.9%
Archer ×27 · Skirmisher ×9 · Scout Cavalry ×6 · Steppe Lancer ×4 · Mangonel ×3 · Scorpion ×1
Feudal
8:27
Castle
22:09
Imperial
—
| APM avg | 45.8 |
| APM peak | 77 |
| eAPM avg | 22.8 |
| Villagers / military | 68 / 23 |
Focus
⚔️ 38.3% · 🌾 61.7%
Archer ×13 · Spearman ×4 · Mangonel ×3 · Scout Cavalry ×3
Match map
Initial resources + every placement click. Lines = walls · curves = elevation contours. ◆ gold · ⬟ stone · ● berries · ✦ relic · ◌ wall gap
Your base· ✓ Closed at 21:10 · 31t walls · no gate
Talentless's base· Open — opponent sealed themselves in
Smoothed initial terrain · ◌ = detected wall gap · hover for details
Inputs per minute
— beta55 - - Talentless
Build order — beta55
First 150 of 189 actions detected
| 0:00 | Queue | Villager (Male) ×4 |
| 0:01 | Build | House |
| 0:02 | Build | House |
| 1:27 | Queue | Villager (Male) |
| 1:57 | Queue | Villager (Male) |
| 2:17 | Queue | Villager (Male) |
| 2:38 | Build | Lumber Camp |
| 2:42 | Queue | Villager (Male) |
| 2:59 | Queue | Villager (Male) |
| 3:06 | Build | House |
| 3:33 | Queue | Villager (Male) |
| 3:33 | Queue | Villager (Male) |
| 3:57 | Queue | Villager (Male) |
| 3:57 | Queue | Villager (Male) |
| 4:25 | Queue | Villager (Male) |
| 4:29 | Queue | Villager (Male) |
| 4:31 | Queue | Villager (Male) |
| 4:32 | Queue | Villager (Male) |
| 4:52 | Queue | Villager (Male) |
| 5:27 | Queue | Villager (Male) |
| 5:30 | Queue | Villager (Male) |
| 5:31 | Build | Mill |
| 5:37 | Queue | Villager (Male) |
| 6:23 | Research | Feudal Age |
| 7:00 | Research | Loom |
| 7:23 | Build | House |
| 7:50 | Build | Palisade Wall |
| 8:06 | Build | Barracks |
| 8:20 | Build | Barracks |
| 8:33 | Age | Feudal Age |
| 8:36 | Research | Double-Bit Axe |
| 8:43 | Build | House |
| 8:48 | Queue | Villager (Male) |
| 9:09 | Build | Stable |
| 9:11 | Queue | Spearman |
| 9:20 | Queue | Villager (Male) |
| 9:23 | Queue | Villager (Male) |
| 9:34 | Build | Palisade Wall |
| 9:36 | Build | Palisade Wall |
| 9:46 | Build | Palisade Wall |
| 9:50 | Queue | Villager (Male) |
| 9:51 | Queue | Villager (Male) |
| 9:54 | Queue | Scout Cavalry |
| 9:54 | Queue | Scout Cavalry |
| 9:58 | Queue | Scout Cavalry |
| 10:07 | Build | Archery Range |
| 10:09 | Queue | Scout Cavalry |
| 10:11 | Queue | Villager (Male) |
| 10:15 | Queue | Villager (Male) |
| 10:23 | Build | House |
| 10:36 | Build | Farm |
| 10:41 | Build | Farm |
| 10:52 | Queue | Villager (Male) |
| 10:58 | Queue | Skirmisher |
| 11:07 | Build | Farm |
| 11:11 | Queue | Villager (Male) |
| 11:23 | Build | Farm |
| 11:28 | Queue | Villager (Male) |
| 11:28 | Queue | Villager (Male) |
| 11:31 | Queue | Skirmisher |
| 11:57 | Queue | Villager (Male) |
| 12:03 | Queue | Villager (Male) |
| 12:04 | Build | Farm |
| 12:08 | Build | Palisade Wall |
| 12:14 | Queue | Villager (Male) |
| 12:18 | Build | House |
| 12:27 | Build | Farm |
| 12:43 | Build | House |
| 12:54 | Queue | Villager (Male) |
| 12:55 | Queue | Skirmisher |
| 13:09 | Queue | Villager (Male) |
| 13:12 | Build | Mining Camp |
| 13:17 | Queue | Villager (Male) |
| 13:19 | Queue | Villager (Male) |
| 13:24 | Queue | Archer |
| 13:31 | Build | Palisade Wall |
| 13:37 | Queue | Skirmisher |
| 13:39 | Queue | Villager (Male) |
| 13:40 | Queue | Scout Cavalry |
| 13:54 | Build | Palisade Wall |
| 14:04 | Queue | Skirmisher |
| 14:05 | Queue | Villager (Male) |
| 14:31 | Build | Blacksmith |
| 14:34 | Queue | Scout Cavalry |
| 14:37 | Queue | Archer |
| 14:37 | Queue | Villager (Male) |
| 14:54 | Queue | Archer |
| 15:18 | Queue | Villager (Male) |
| 15:19 | Build | Lumber Camp |
| 15:21 | Build | Farm |
| 15:38 | Queue | Archer |
| 15:55 | Build | House |
| 15:56 | Queue | Skirmisher |
| 16:04 | Queue | Skirmisher |
| 16:06 | Build | House |
| 16:23 | Build | Farm |
| 16:28 | Queue | Villager (Male) |
| 16:32 | Queue | Archer |
| 16:40 | Queue | Skirmisher |
| 16:45 | Research | Fletching |
| 16:45 | Research | Fletching |
| 16:45 | Research | Fletching |
| 16:47 | Queue | Villager (Male) |
| 16:48 | Build | Market |
| 17:02 | Queue | Skirmisher |
| 17:33 | Queue | Villager (Male) |
| 17:43 | Queue | Villager (Male) |
| 18:17 | Queue | Archer |
| 18:30 | Research | Castle Age |
| 18:31 | Research | Castle Age |
| 18:38 | Build | Archery Range |
| 18:50 | Queue | Archer |
| 18:50 | Queue | Archer |
| 19:07 | Queue | Archer |
| 19:08 | Queue | Archer |
| 19:23 | Queue | Archer |
| 19:35 | Build | House |
| 19:36 | Build | House |
| 19:41 | Build | Farm |
| 19:41 | Build | Farm |
| 19:41 | Build | Farm |
| 19:41 | Build | Farm |
| 19:41 | Build | Farm |
| 19:42 | Build | Farm |
| 19:43 | Research | Horse Collar |
| 19:43 | Research | Horse Collar |
| 19:46 | Queue | Archer |
| 19:46 | Queue | Archer |
| 20:03 | Build | House |
| 20:08 | Queue | Archer |
| 20:28 | Queue | Villager (Male) |
| 20:29 | Build | House |
| 20:30 | Build | House |
| 20:30 | Build | House |
| 20:32 | Build | House |
| 20:42 | Queue | Archer |
| 20:44 | Build | Archery Range |
| 20:49 | Queue | Archer |
| 20:55 | Build | Siege Workshop |
| 21:05 | Build | Lumber Camp |
| 21:08 | Queue | Archer |
| 21:08 | Queue | Archer |
| 21:10 | Age | Castle Age |
| 21:25 | Research | Bodkin Arrow |
| 21:25 | Research | Bodkin Arrow |
| 21:38 | Queue | Villager (Male) |
| 21:41 | Queue | Battering Ram |
| 21:43 | Build | House |
| 21:50 | Build | University |
| 22:01 | Queue | Archer |
Build order — Talentless
First 150 of 173 actions detected
| 0:02 | Queue | Villager (Male) |
| 0:02 | Queue | Villager (Male) |
| 0:02 | Queue | Villager (Male) |
| 0:03 | Build | House |
| 0:05 | Build | House |
| 0:20 | Queue | Villager (Male) |
| 0:20 | Queue | Villager (Male) |
| 1:25 | Queue | Villager (Male) |
| 1:25 | Queue | Villager (Male) |
| 1:25 | Queue | Villager (Male) |
| 1:55 | Queue | Villager (Male) |
| 1:55 | Queue | Villager (Male) |
| 2:01 | Build | Lumber Camp |
| 2:17 | Queue | Villager (Male) |
| 2:17 | Queue | Villager (Male) |
| 2:17 | Queue | Villager (Male) |
| 2:59 | Queue | Villager (Male) |
| 2:59 | Queue | Villager (Male) |
| 2:59 | Queue | Villager (Male) |
| 2:59 | Queue | Villager (Male) |
| 3:52 | Queue | Villager (Male) |
| 3:52 | Queue | Villager (Male) |
| 3:52 | Queue | Villager (Male) |
| 3:52 | Queue | Villager (Male) |
| 3:57 | Build | House |
| 3:58 | Build | House |
| 4:55 | Queue | Villager (Male) |
| 4:59 | Build | Mining Camp |
| 5:24 | Queue | Villager (Male) |
| 5:50 | Research | Loom |
| 6:06 | Research | Feudal Age |
| 6:06 | Research | Feudal Age |
| 7:28 | Build | Barracks |
| 8:10 | Queue | Villager (Male) |
| 8:11 | Queue | Villager (Male) |
| 8:27 | Age | Feudal Age |
| 8:36 | Build | Archery Range |
| 8:38 | Queue | Spearman |
| 8:39 | Queue | Spearman |
| 8:57 | Research | Double-Bit Axe |
| 9:14 | Queue | Villager (Male) |
| 9:14 | Queue | Villager (Male) |
| 9:22 | Queue | Archer |
| 9:22 | Queue | Archer |
| 9:24 | Build | House |
| 9:41 | Queue | Villager (Male) |
| 9:45 | Build | Mill |
| 9:54 | Build | House |
| 9:56 | Build | Palisade Wall |
| 10:12 | Queue | Villager (Male) |
| 10:12 | Queue | Villager (Male) |
| 10:12 | Queue | Villager (Male) |
| 10:20 | Build | Farm |
| 10:25 | Queue | Archer |
| 10:41 | Queue | Villager (Male) |
| 10:51 | Build | Blacksmith |
| 11:05 | Queue | Villager (Male) |
| 11:06 | Queue | Villager (Male) |
| 11:06 | Queue | Villager (Male) |
| 11:07 | Queue | Archer |
| 11:18 | Build | Farm |
| 11:27 | Queue | Spearman |
| 11:31 | Queue | Archer |
| 11:59 | Queue | Villager (Male) |
| 11:59 | Queue | Villager (Male) |
| 12:09 | Build | House |
| 12:10 | Build | Palisade Wall |
| 12:17 | Build | Farm |
| 12:21 | Build | Farm |
| 12:22 | Queue | Archer |
| 12:30 | Queue | Spearman |
| 12:40 | Build | Palisade Wall |
| 12:43 | Build | Farm |
| 12:46 | Build | Farm |
| 12:49 | Build | Farm |
| 12:50 | Queue | Villager (Male) |
| 12:50 | Queue | Villager (Male) |
| 13:16 | Queue | Villager (Male) |
| 13:18 | Build | Farm |
| 13:19 | Build | Farm |
| 13:44 | Queue | Villager (Male) |
| 13:44 | Queue | Villager (Male) |
| 13:47 | Build | Farm |
| 14:08 | Build | House |
| 14:11 | Build | Palisade Wall |
| 14:12 | Build | House |
| 14:14 | Queue | Villager (Male) |
| 14:26 | Research | Fletching |
| 14:27 | Queue | Villager (Male) |
| 14:32 | Build | Stable |
| 14:44 | Build | Farm |
| 14:48 | Queue | Villager (Male) |
| 14:53 | Build | Palisade Wall |
| 15:01 | Build | Palisade Wall |
| 15:10 | Queue | Villager (Male) |
| 15:30 | Build | Palisade Wall |
| 15:43 | Build | Palisade Wall |
| 15:52 | Queue | Villager (Male) |
| 15:56 | Build | Watch Tower |
| 15:59 | Queue | Scout Cavalry |
| 16:06 | Build | Palisade Wall |
| 16:07 | Build | Palisade Wall |
| 16:08 | Build | Palisade Wall |
| 16:10 | Build | House |
| 16:12 | Build | House |
| 16:15 | Build | Blacksmith |
| 16:28 | Build | Farm |
| 16:29 | Queue | Villager (Male) |
| 16:33 | Build | Palisade Wall |
| 16:35 | Queue | Scout Cavalry |
| 16:49 | Build | Farm |
| 17:02 | Queue | Archer |
| 17:02 | Queue | Archer |
| 17:38 | Queue | Scout Cavalry |
| 17:43 | Build | Farm |
| 17:44 | Build | Farm |
| 17:44 | Build | Farm |
| 17:44 | Build | Farm |
| 17:44 | Build | Farm |
| 17:45 | Queue | Villager (Male) |
| 17:58 | Queue | Villager (Male) |
| 18:08 | Queue | Villager (Male) |
| 18:11 | Build | Farm |
| 18:12 | Build | Farm |
| 18:24 | Build | Palisade Wall |
| 18:26 | Queue | Archer |
| 18:44 | Build | Farm |
| 18:54 | Queue | Archer |
| 19:01 | Queue | Villager (Male) |
| 19:29 | Research | Castle Age |
| 19:29 | Research | Castle Age |
| 19:36 | Build | Archery Range |
| 19:40 | Queue | Archer |
| 20:04 | Build | House |
| 20:09 | Build | House |
| 20:14 | Research | Gold Mining |
| 20:36 | Build | House |
| 20:52 | Build | House |
| 21:16 | Queue | Archer |
| 21:16 | Queue | Archer |
| 21:27 | Build | Farm |
| 21:28 | Build | Farm |
| 21:29 | Build | Farm |
| 21:45 | Build | Farm |
| 21:59 | Build | Farm |
| 22:09 | Age | Castle Age |
| 22:11 | Build | Farm |
| 22:15 | Queue | Villager (Male) |
| 22:23 | Research | Crossbowman (upgrade) |
| 22:23 | Research | Bodkin Arrow |
Match timeline
| 7:28 | Talentless · first_building Barracks |
| 7:50 | beta55 · wall_segment Palisade Wall x8 |
| 8:06 | beta55 · first_building Barracks |
| 8:27 | Talentless · age_up feudal |
| 8:33 | beta55 · age_up feudal |
| 8:36 | Talentless · first_building Archery Range |
| 9:09 | beta55 · first_building Stable |
| 9:34 | beta55 · wall_segment Palisade Wall x9 |
| 9:36 | beta55 · wall_segment Palisade Wall x2 |
| 9:46 | beta55 · wall_segment Palisade Wall x3 |
| 9:56 | Talentless · wall_segment Palisade Wall x3 |
| 10:07 | beta55 · first_building Archery Range |
| 12:08 | beta55 · wall_segment Palisade Wall x4 |
| 12:10 | Talentless · wall_segment Palisade Wall x2 |
| 12:40 | Talentless · wall_segment Palisade Wall x12 |
| 13:31 | beta55 · wall_segment Palisade Wall x2 |
| 13:54 | beta55 · wall_segment Palisade Wall x3 |
| 14:11 | Talentless · wall_segment Palisade Wall x1 |
| 14:32 | Talentless · first_building Stable |
| 14:53 | Talentless · wall_segment Palisade Wall x8 |
| 15:01 | Talentless · wall_segment Palisade Wall x5 |
| 15:30 | Talentless · wall_segment Palisade Wall x5 |
| 15:43 | Talentless · wall_segment Palisade Wall x1 |
| 16:06 | Talentless · wall_segment Palisade Wall x1 |
| 16:07 | Talentless · wall_segment Palisade Wall x1 |
| 16:08 | Talentless · wall_segment Palisade Wall x1 |
| 16:33 | Talentless · wall_segment Palisade Wall x1 |
| 17:46 | beta55 · first_market_sell 500 wood |
| 17:47 | beta55 · first_market_buy 100 food |
| 18:24 | Talentless · wall_segment Palisade Wall x1 |
| 20:55 | beta55 · first_building Siege Workshop |
| 21:10 | beta55 · age_up castle |
| 22:09 | Talentless · age_up castle |
| 22:59 | Talentless · first_building Siege Workshop |
| 26:18 | Talentless · resign |
[ AI ANALYSIS · 1 CREDIT ]
What really happened in this match?
Wolo.gg analyzes every decision: build order, eco, micro, common mistakes by bracket. Personalized analysis on WhatsApp or Discord in 30 seconds.
Civ guide
Cumans
Perfil
Jugador #1423034